 Dungeon Crawl Stone Soup version 0.31-a0-149-g3fdcc5976a (webtiles) character file.

Game seed: 10626425373811737352

1815 jasper the Caller (level 8, -2/60 HPs)
             Began as a Spriggan Summoner on June 7, 2023.
             Was a Believer of Sif Muna.
             Slain by a killer bee (4 damage)
             ... on level 7 of the Dungeon.
             The game lasted 00:12:14 (7238 turns).

jasper the Caller (Spriggan Summoner)               Turns: 7238, Time: 00:12:15

Health: -2/60      AC: 24    Str: 11    XL:     8   Next: 85%
Magic:  2/13       EV:  4    Int: 24    God:    Sif Muna [**....]
Gold:   265        SH:  0    Dex: 16    Spells: 0/12 levels left

rFire   . . .        v - +9 hammer of Hiat {drain, Str+7}
rCold   . . .        (no shield)
rNeg    . . .        a - melded +0 robe
rPois   +            (helmet currently unavailable)
rElec   .            w - melded +0 cloak
rCorr   .            (gloves unavailable)
SInv    +            (boots unavailable)
Will    ++...        e - amulet of regeneration
Stlth   ++           k - +6 ring of intelligence
HPRegen 1.10/turn    c - ring of willpower
MPRegen 0.13/turn

%: no passive effects
@: brilliant, lethally poisoned (-2 -> -2), tree-form
A: stationary, stasis, torment immunity, boosted hp, very small, no large
weapons, unfitting armour, see invisible, (speed 3)
a: Renounce Religion, Channel Magic


You were on level 7 of the Dungeon.
You worshipped Sif Muna.
Sif Muna was pleased with you.
You were a tree.
You visited 1 branch of the dungeon, and saw 7 of its levels.
You also visited: Sewer.

You collected 265 gold pieces.

Inventory:

Hand Weapons
 d - a +0 whip
 g - a +0 spear
 j - a +0 quarterstaff
 n - a +1 trident of venom
 t - a +2 hand axe of draining
 v - the +9 hammer of Hiat (weapon) {drain, Str+7}
   (You took it off an orc on level 4 of the Dungeon)

   Str:       It affects your strength (+7).
Armour
 a - a +0 robe (melded)
 w - a +0 cloak (melded)
Magical Staves
 r - a staff of conjuration
Jewellery
 c - a ring of willpower (right branch)
 e - an amulet of regeneration (around neck)
 k - a +6 ring of intelligence (left branch)
 s - a +5 ring of evasion
Wands
 x - a wand of flame (28)
Scrolls
 f - a scroll of magic mapping
 i - 5 scrolls of teleportation
Potions
 b - 3 potions of magic
 h - a potion of mutation
 l - 2 potions of attraction
 p - 2 potions of haste
 q - 2 potions of invisibility


   Skills:
 - Level 3.3 Fighting
 - Level 6.3 Dodging
 - Level 3.0 Stealth
 - Level 2.6 Spellcasting
 - Level 3.0 Hexes
 - Level 7.2 Summonings
 + Level 5.1 Invocations


You couldn't memorise any spells.
You knew the following spells:

 Your Spells              Type           Power      Damage    Failure   Level
a - Summon Lightning Spi  Summ/Air       30%        N/A       26%         4
b - Call Imp              Summ           100%       N/A       1%          2
c - Call Canine Familiar  Summ           54%        N/A       1%          3
d - Summon Guardian Gole  Hex/Summ       41%        N/A       4%          3

Your spell library contained the following spells:

 Spells                   Type           Power      Damage    Failure   Level
 Summon Small Mammal      Summ           100%       N/A       1%          1
 Tukima's Dance           Hex            26%        N/A       10%         3
 Sting                    Tmut/Pois      16%        1d3       11%         1
 Hailstorm                Conj/Ice       4%         3d4       32%         3
 Ignite Poison            Fire/Tmut/Pois 4%         N/A       32%         3
 Ice Form                 Ice/Tmut       4%         N/A       73%         4
 Olgreb's Toxic Radiance  Pois           4%         N/A       73%         4
 Silence                  Hex/Air        7%         N/A       86%         5
 Yara's Violent Unravell  Hex/Tmut       7%         3d5       86%         5
 Irradiate                Conj/Tmut      2%         3d12      97%         5
 Simulacrum               Ice/Necr       2%         N/A       100%        6
 Discord                  Hex            13%        N/A       100%        8
 Ignition                 Fire           2%         3d3       100%        8


Dungeon Overview and Level Annotations

Branches:
Dungeon (7/15)             Temple (0/1) D:4           Sewer (visited)

Altars:
Gozag
Nemelex Xobeh
Sif Muna
The Shining One


Innate Abilities, Weirdness & Mutations

You are a tree.
Your roots penetrate the ground, keeping you stationary.
You cannot be teleported.
You are immune to unholy pain and torment.
Your maximum health is greatly increased.
Your equipment is partially melded.
You are very small and have problems with some larger weapons.
You are too small for most types of armour.
You have supernaturally acute eyesight. (SInv)
((You cover ground extremely quickly. (Speed+++)))


Message History

You take 11 damage, and have 22/40 hp.
MASSIVE DAMAGE!!
The killer bee stings your guardian golem.
The killer bee stings your guardian golem but does no damage.
Your cerulean imp misses the orc priest.
The killer bee stings your guardian golem.
The orc priest calls down the wrath of Beogh upon you.
Beogh smites you!
* * * LOW HITPOINT WARNING * * *
The killer bee barely misses you.
The killer bee stings your guardian golem.
You take 11 damage, and have 12/40 hp.
MASSIVE DAMAGE!!
Something stings your guardian golem.
Really quaff the potion of lignification?
You turn into a tree.
Your +0 cloak melds into your body.
Your +0 robe melds into your body.
Your roots penetrate the ground.
The killer bee stings you but does no damage. x2
You now have 21/60 hp.
You barely miss the killer bee. The killer bee stings you.
You are poisoned.
The killer bee poisons you! The killer bee barely misses you.
The killer bee stings you but does no damage.
You take 2 damage, and have 19/60 hp.
You thump the killer bee! You drain the killer bee.
You kill the killer bee!
Sif Muna accepts your kill.
You feel very sick. The killer bee barely misses you.
Your cerulean imp completely misses the killer bee.
The orc priest mumbles some strange prayers to Beogh against you.
Beogh smites you!
* * * LOW HITPOINT WARNING * * *
The killer bee stings you but does no damage.
Your Invocations skill increases to level 5!
You take 16 damage, and have 3/60 hp.
MASSIVE DAMAGE!!
It was a potion of brilliance.
You feel clever all of a sudden.
You feel sick. The killer bee completely misses you.
Your cerulean imp misses the killer bee.
The killer bee stings you.
You die...

### #♣# ..# #y#####
...# #.5...# ...#
#.#9.y##### .....
#..o......##.....
#..........9o$......
###)##..o..#y......#
#...#...☼#†...§..#
#....#..#y)##.#..#


You could see a killer bee, an orc priest, an orc, a friendly guardian golem
(summoned) and a friendly cerulean imp (summoned, sheltered).

Vanquished Creatures
  A sky beast (D:6)
  An ice beast (D:6)
  2 ogres (D:6)
  A bullfrog (D:6)
  2 scorpions (D:5)
  A killer bee (D:7)
  A jelly (D:5)
  Crazy Yiuf (D:4)
  2 sleepcaps (D:6)
  4 iguanas
  An orc wizard (D:3)
  Natasha (twice) (D:4)
  10 adders
  2 river rats (Sewer)
  A shadow imp (D:6)
  A white imp (D:6)
  2 worms (D:5)
  A dart slug (D:1)
  8 orcs
  4 bats
  3 endoplasms
  3 giant cockroaches
  2 goblins
  4 hobgoblins
  A jackal (Sewer)
  4 kobolds
  3 quokkas
  10 ball pythons
  5 frilled lizards
  6 rats
89 creatures vanquished.

Vanquished Creatures (collateral kills)
  Grinder (D:3)
  A black bear (D:6)
  An ogre (D:3)
  A kobold brigand (Sewer)
  A jelly (D:4)
  An orc priest (D:4)
  2 orc wizards (D:4)
  2 adders
  An ufetubus (D:6)
  A worm (D:2)
  2 dart slugs
  8 orcs (D:4)
  6 ball pythons
  7 endoplasms
  5 giant cockroaches
  3 goblins (D:2)
  7 hobgoblins
  A jackal (Sewer)
  4 quokkas
  2 bats
  3 frilled lizards
  5 kobolds
  6 rats
71 creatures vanquished.

Vanquished Creatures (others)
  2 killer bees (D:7)
  An orc wizard (D:7)
  2 orcs (D:7)
5 creatures vanquished.

Grand Total: 165 creatures vanquished

Notes
Turn   | Place    | Note
-------+----------+-------------------------------------------
     0 | D:1      | jasper the Spriggan Summoner began the quest for the Orb.
     0 | D:1      | Reached XP level 1. HP: 9/9 MP: 5/5
   275 | D:1      | Reached XP level 2. HP: 10/13 MP: 4/6
   278 | D:1      | Learned a level 2 spell: Call Imp
   519 | D:1      | Reached skill level 4 in Summonings
   729 | D:1      | Reached XP level 3. HP: 16/16 MP: 6/8
   740 | D:1      | Learned a level 3 spell: Call Canine Familiar
  1810 | D:2      | Reached XP level 4. HP: 21/21 MP: 9/9
  2513 | D:3      | Noticed an ogre
  2528 | D:3      | Killed an ogre
  2529 | D:3      | Reached skill level 5 in Summonings
  2529 | D:3      | Reached XP level 5. HP: 25/25 MP: 0/10
  2697 | D:3      | Learned a level 3 spell: Summon Guardian Golem
  2854 | D:3      | Noticed Grinder
  2870 | D:3      | Killed Grinder
  2871 | D:3      | Reached skill level 1 in Fighting
  2871 | D:3      | Reached skill level 1 in Hexes
  2871 | D:3      | Reached XP level 6. HP: 30/30 MP: 1/11
  3164 | D:3      | Found a shimmering blue altar of Sif Muna.
  3188 | D:3      | Became a worshipper of Sif Muna the Loreminder
  3894 | D:4      | Found a sparkling altar of Nemelex Xobeh.
  3952 | D:4      | Reached XP level 7. HP: 30/35 MP: 12/12
  3996 | D:4      | Identified the +9 hammer of Hiat {drain, Str+7}
  4091 | D:4      | Found a staircase to the Ecumenical Temple.
  4131 | D:4      | Noticed Natasha
  4136 | D:4      | Killed Natasha
  4137 | D:4      | Reached skill level 6 in Summonings
  4146 | D:4      | Reached * piety under Sif Muna
  4394 | D:4      | Found a runed translucent door.
  4395 | D:4      | Noticed Crazy Yiuf
  4543 | D:4      | Noticed Natasha
  4547 | D:4      | Killed Natasha
  4746 | D:4      | Killed Crazy Yiuf
  4778 | D:5      | Entered Level 5 of the Dungeon
  4807 | D:5      | Reached skill level 5 in Dodging
  4912 | D:5      | Identified the +5 mace of Bomme {flame, rN+}
  5210 | D:5      | Identified a scroll of acquirement
  5210 | D:5      | Acquired Sif Muna's Parchment of Shifting Beguiling
  5233 | D:6      | Reached skill level 1 in Invocations
  5256 | D:6      | Reached XP level 8. HP: 39/39 MP: 13/13
  5737 | D:6      | Found a glowing drain.
  5741 | D:6      | Reached ** piety under Sif Muna
  5759 | Sewer    | Entered a sewer
  5797 | Sewer    | Reached skill level 7 in Summonings
  6499 | D:6      | Learned a level 4 spell: Summon Lightning Spire
  6834 | D:6      | Found an opulent altar of Gozag.
  6834 | D:6      | Found a glowing golden altar of the Shining One.
  7237 | D:7      | HP: 3/60 [orc priest/divine providence (14)]
  7238 | D:7      | Reached skill level 5 in Invocations
  7238 | D:7      | Slain by a killer bee

Illustrated notes

Levels and vault maps discovered:
D:1:      onia_arrival_mini_maze, layout_rooms, serial_bayou,
          serial_bayou_pond_a, serial_bayou_pond_b, serial_bayou_ford_a,
          serial_bayou_shore_b, roderic_lattice_a
D:2:      kennysheep_big_flooded_room, layout_basic
D:3:      layout_basic, mainiacjoe_overflow_alcove_4, serial_bayou_pond_e,
          uniq_grinder
D:4:      layout_basic, mainiacjoe_overflow_concentric_impassable,
          minmay_temple_entry_enclosed_plants, uniq_natasha,
          uniq_crazy_yiuf_cottage
D:5:      layout_cave_pools
D:6:      layout_loops_corners, gammafunk_temple_overflow_elements,
          portal_sewer_entry_f
D:7:      layout_rooms, mainiacjoe_overflow_tiny_flanked, serial_shops, shop,
          minmay_misc_feat_chi

Skill      XL: |  1  2  3  4  5  6  7  8 |
---------------+-------------------------+-----
Summonings     | 4 5 6 7 |  7.2
Dodging        | 3 4 5 6 |  6.3
Fighting       | 1 2 3 |  3.3
Hexes          | 1 2 3 |  3.0
Invocations    | 1 5 |  5.1
Stealth        | |  3.0
Spellcasting   | |  2.6

Action                     |  1- 3 |  4- 6 |  7- 9 || total
---------------------------+-------+-------+-------++-------
  Melee: Unarmed           |    39 |       |       ||    39
         Punch             |     1 |       |       ||     1
         Whip              |    16 |       |       ||    16
         Spear             |    60 |    33 |       ||    93
         Quarterstaff      |       |    59 |     3 ||    62
         Mace              |       |       |   144 ||   144
   Cast: Summon Small Mamm |    13 |     1 |       ||    14
         Call Imp          |    14 |     8 |     7 ||    29
         Call Canine Famil |       |    12 |     8 ||    20
         Summon Guardian G |       |       |     3 ||     3
    Use: Scroll            |     2 |     6 |     8 ||    16
         Potion            |       |       |     2 ||     2
   Stab: Sleeping          |     3 |     8 |     7 ||    18
         Distracted        |     1 |     2 |     1 ||     4
 Armour: Robe              |    14 |    12 |    15 ||    41
         Skin              |       |       |     4 ||     4
  Dodge: Dodged            |    90 |    84 |   194 ||   368

Table legend: (Time is in decaauts)
 A = Elapsed time spent in this place.
 B = Non-inter-level travel time spent in this place.
 C = Inter-level travel time spent in this place.
 D = Time resting spent in this place.
 E = Time spent auto-exploring this place.
 F = Levels seen in this place.
 G = Mean time per level.
                   A        B        C        D        E       F      G
               +--------+--------+--------+--------+--------+-----+--------+
         Total |   5348 |   5207 |    141 |    332 |   3556 |   8 |  668.5 |
       Dungeon |   4711 |   4570 |    141 |    232 |   3187 |   7 |  673.0 |
         Sewer |    636 |    636 |      0 |    100 |    368 |   1 |  636.0 |
               +--------+--------+--------+--------+--------+-----+--------+

Top non-repeatable levels by time:
     D:1: 1065 daAuts
     D:6: 958 daAuts
     D:4: 834 daAuts
     D:3: 826 daAuts
     D:2: 707 daAuts
   Sewer: 636 daAuts
     D:5: 286 daAuts
     D:7: 32 daAuts
